 Dungeon Crawl Stone Soup version 0.29.1-2-gbd0b4ee654 (webtiles) character file.

Game seed: 13947084517752800427

277 DildoBatman the Conjurer (level 6, -1/41 HPs)
             Began as a Formicid Conjurer on Oct 31, 2022.
             Killed by divine providence
             ... invoked by an orc priest
              (13 damage)
             ... on level 4 of the Dungeon.
             The game lasted 00:07:49 (2566 turns).

DildoBatman the Conjurer (Formicid Conjurer)        Turns: 2566, Time: 00:07:50

Health: -1/41      AC:  4    Str: 11    XL:     6   Next: 50%
Magic:  9/11       EV: 12    Int: 18    God:
Gold:   125        SH:  0    Dex: 14    Spells: 9/12 levels left

rFire   . . .      SeeInvis +   a - +0 sling
rCold   . . .      Faith    .   (no shield)
rNeg    . . .      Spirit   .   n - +0 robe
rPois   .          Reflect  .   (helmet unavailable)
rElec   .          Harm     .   d - +1 cloak
rCorr   +          Rampage  .   (no gloves)
Will    .....                   (no boots)
Stlth   ++........              (no amulet)
HPRegen 0.13/turn               i - ring of resist corrosion
MPRegen 0.12/turn               (no ring)

@: studying Unarmed Combat
A: permanent stasis, dig shafts and tunnels, antennae 3, four strong arms
a: Dig, Shaft Self


You were on level 4 of the Dungeon.
You visited 1 branch of the dungeon, and saw 4 of its levels.

You collected 153 gold pieces.
You spent 28 gold pieces at shops.

Inventory:

Hand Weapons
 a - a +0 sling (weapon)
 c - a +0 mace
Missiles
 h - 27 stones (quivered)
 l - 2 boomerangs
Armour
 d - a +1 cloak (worn)
 n - a +0 robe (worn)
Magical Staves
 k - a staff of cold
Jewellery
 i - a ring of resist corrosion (left hand)
Scrolls
 g - a scroll of immolation {unknown}
 m - 2 scrolls of amnesia
 o - a scroll of enchant armour {unknown}
 r - 4 scrolls of fog
 u - a scroll of silence {unknown}
 v - a scroll of acquirement {unknown}
 z - 2 scrolls of identify
Potions
 b - a potion of magic
 f - a potion of cancellation {unknown}
 j - 2 potions of brilliance {unknown}
 p - a potion of degeneration {unknown}
 q - 2 potions of heal wounds {unknown}
 s - a potion of curing {unknown}
 t - a potion of attraction {unknown}
 w - a potion of flight {unknown}


   Skills:
 - Level 1.7 Dodging
 - Level 2.4 Stealth
 * Level 3.9 Spellcasting
 - Level 6.0 Conjurations


You had 9 spell levels left.
You knew the following spells:

 Your Spells              Type           Power      Damage    Failure   Level
a - Searing Ray           Conj           50%        2d6       1%          2
c - Magic Dart            Conj           100%       1d8       1%          1

Your spell library contained the following spells:

 Spells                   Type           Power      Damage    Failure   Level
 Dazzling Flash           Conj/Hex       28%        N/A       13%         3
 Poisonous Vapours        Pois/Air       6%         N/A       22%         2
 Tukima's Dance           Hex            3%         N/A       41%         3
 Fulminant Prism          Conj/Hex       7%         3d7       41%         4
 Iskenderun's Mystic Bla  Conj/Tloc      14%        2d5       41%         4
 Corpse Rot               Necr/Pois/Air  3%         N/A       83%         4
 Passage of Golubria      Tloc           3%         N/A       83%         4
 Yara's Violent Unravell  Hex/Tmut       1%         3d3       99%         5


Dungeon Overview and Level Annotations

Branches:
Dungeon (4/15)
 Temple: D:4-7

Altars:

Shops:
D:3 ?

Annotations:
D:3 Grinder, Sigmund


Innate Abilities, Weirdness & Mutations

You cannot be hasted, slowed, berserked, paralysed or teleported.
You can dig through walls and to a lower floor.
You have a pair of large antennae on your head. (SInv)
Your four strong arms can wield two-handed weapons with a shield.


Message History

Aiming: Searing Ray (safe; 1% risk of failure)
Press: ? - help, Shift-Dir - straight line, f/p - orc priest
Aim: an orc priest, wielding a +0 short sword (79% to hit)
The searing ray hits the orc priest.
The orc priest is moderately wounded. (Press . to maintain the ray.)
The orc shouts!
The orc priest shouts!
You hear a shout!
The orc priest invokes the aid of Beogh against you.
Beogh smites you!
The orc priest begins to cast a cantrip, but forgets the words!
The orc priest miscasts a cantrip.
Things that are here:
a +0 morningstar; an orc corpse You see here a +0 mace.
Things that are here:
a +0 dagger; a +0 ring mail The orc priest mumbles some strange prayers to Beogh against you.
Beogh smites you!
You shoot a sling bullet.
The sling bullet closely misses the orc priest.
The sling bullet hits the orc.
The orc is moderately wounded.
The orc priest calls upon Beogh to heal the orc.
The orc's wounds heal themselves!
You shoot a sling bullet.
The sling bullet closely misses the orc.
The sling bullet hits the orc priest.
The orc priest is moderately wounded.
The orc priest calls upon Beogh to heal the orc priest.
The orc priest's wounds heal themselves!
You shoot a sling bullet. The sling bullet hits the orc.
The orc is lightly wounded.
The orc priest mumbles some strange prayers to Beogh against you.
Beogh smites you!
The orc priest invokes the aid of Beogh against you.
Beogh smites you!
You die...

######################
##.....................
#>.....................
######@################
#.# ###)#
##############.#o#
...............#)# .
.######....###.#o# ..
.# #.##.....#.# ... .#
#.########o### .... .#
#............##


You could see 2 orc priests and an orc.

Vanquished Creatures
  2 iguanas (D:4)
  2 orc wizards (D:4)
  6 adders
  2 ufetubi (D:4)
  3 dart slugs
  9 orcs (D:4)
  6 bats
  8 endoplasms
  A giant cockroach (D:1)
  7 goblins
  7 hobgoblins
  10 jackals
  10 quokkas
  7 ball pythons
  4 frilled lizards
  5 kobolds
  5 rats
94 creatures vanquished.

Notes
Turn   | Place    | Note
-------+----------+-------------------------------------------
     0 | D:1      | DildoBatman the Formicid Conjurer began the quest for the
                  | Orb.
     0 | D:1      | Reached XP level 1. HP: 13/13 MP: 3/3
   116 | D:1      | Reached skill level 4 in Conjurations
   116 | D:1      | Reached XP level 2. HP: 19/19 MP: 1/5
   120 | D:1      | Learned a level 2 spell: Searing Ray
   333 | D:1      | Reached XP level 3. HP: 24/24 MP: 1/6
   877 | D:2      | Reached XP level 4. HP: 30/30 MP: 3/7
   952 | D:2      | Reached skill level 5 in Conjurations
  1077 | D:2      | Found a faded altar of an unknown god.
  1531 | D:3      | Found Kausut's Magic Scroll Shop.
  1540 | D:3      | Bought a scroll of identify for 28 gold pieces
  1572 | D:3      | Noticed Sigmund
  1639 | D:3      | Reached XP level 5. HP: 35/35 MP: 3/8
  1717 | D:3      | Noticed Grinder
  2048 | D:4      | Reached skill level 6 in Conjurations
  2115 | D:4      | Reached XP level 6. HP: 30/41 MP: 3/10
  2566 | D:4      | Killed from afar by an orc priest

Illustrated notes

Levels and vault maps discovered:
D:1:      amcnicky_arrival_underground_garden, layout_loops_ring,
          minmay_liquid_box, chequers_serial_rivers_micro_e
D:2:      layout_loops_ring, chequers_ecumenical_altar_simple
D:3:      layout_rooms, serial_shops, shop, uniq_grinder, uniq_sigmund
D:4:      dreamdust_elfheim, layout_basic, mainiacjoe_overflow_surrounded_room,
          mainiacjoe_overflow_alcove_3, wad_floor_pattern_2

Skill      XL: |  1  2  3  4  5  6 |
---------------+-------------------+-----
Conjurations   | 4 5 6 |  6.0
Spellcasting   | 3 |  3.9
Dodging        | |  1.7
Stealth        | |  2.4

Action                   |  1- 3 |  4- 6 || total
-------------------------+-------+-------++-------
Melee: Mace              |    32 |    16 ||    48
 Fire: Sling             |       |    61 ||    61
 Cast: Magic Dart        |    36 |    54 ||    90
       Searing Ray       |     3 |    10 ||    13
  Use: Scroll            |       |     3 ||     3
 Stab: Sleeping          |       |     3 ||     3
Armor: Robe              |    15 |    14 ||    29
Dodge: Dodged            |    24 |    42 ||    66
